[ AOE2 MATCH · #459697878 ]
UnrankedKhmer vs Poles
[ REPLAY ANALYSIS · EXTRACTED FROM THE RECORDED GAME ]
Feudal
12:13
Castle
19:16
Imperial
40:33
| APM avg | 18.8 |
| APM peak | 65 |
| eAPM avg | 13.3 |
| Villagers / military | 139 / 76 |
Focus
⚔️ 25.1% · 🌾 74.9%
Battle Elephant ×73 · Petard ×3
Feudal
11:40
Castle
24:02
Imperial
37:32
| APM avg | 4.7 |
| APM peak | 17 |
| eAPM avg | 4.2 |
| Villagers / military | 31 / 20 |
Focus
⚔️ 21.5% · 🌾 78.5%
Spearman ×19 · Trade Cart ×4 · Scorpion ×1
Feudal
13:02
Castle
27:45
Imperial
39:27
| APM avg | 16.7 |
| APM peak | 80 |
| eAPM avg | 14.6 |
| Villagers / military | 87 / 171 |
Focus
⚔️ 38.9% · 🌾 61.1%
Scout Cavalry ×89 · Spearman ×37 · Militia ×27 · Huskarl ×17 · Trade Cart ×8 · Monk ×1
Feudal
9:46
Castle
21:41
Imperial
28:11
| APM avg | 31.3 |
| APM peak | 90 |
| eAPM avg | 14.3 |
| Villagers / military | 122 / 107 |
Focus
⚔️ 27.9% · 🌾 72.1%
Cataphract ×45 · Spearman ×41 · Mangonel ×18 · Trade Cart ×10 · Trebuchet (Packed) ×2 · Battering Ram ×1
Match map
Initial resources + every placement click. Lines = walls · curves = elevation contours. ◆ gold · ⬟ stone · ● berries · ✦ relic · ◌ wall gap
Your base· ✓ Closed at 19:16 · 24t walls · 2 gate(s)
ObsceneBlue's base· ✓ Closed at 24:02 · 14t walls · 1 gate(s)
denick's base· ✓ Closed at 27:45 · 0t walls · no gate
MoncusJBAJ's base· ✓ Closed at 21:41 · 13t walls · 1 gate(s)
Smoothed initial terrain · ◌ = detected wall gap · hover for details
Inputs per minute
— titan_oranos - - ObsceneBlue
Build order — titan_oranos
First 150 of 407 actions detected
| 0:02 | Create | Villager (Male) |
| 0:02 | Create | Villager (Male) |
| 0:03 | Create | Villager (Male) |
| 0:03 | Create | Villager (Male) |
| 0:03 | Create | Villager (Male) |
| 0:05 | Build | House |
| 0:07 | Build | House |
| 1:01 | Research | Loom |
| 2:18 | Create | Villager (Male) |
| 2:18 | Research | Loom |
| 2:48 | Create | Villager (Male) |
| 2:49 | Create | Villager (Male) |
| 2:49 | Create | Villager (Male) |
| 2:49 | Create | Villager (Male) |
| 3:13 | Create | Villager (Male) |
| 3:13 | Create | Villager (Male) |
| 3:30 | Build | House |
| 3:31 | Build | House |
| 3:44 | Build | Lumber Camp |
| 4:28 | Create | Villager (Male) |
| 4:29 | Create | Villager (Male) |
| 4:29 | Create | Villager (Male) |
| 4:29 | Create | Villager (Male) |
| 4:30 | Create | Villager (Male) |
| 5:20 | Create | Villager (Male) |
| 5:21 | Create | Villager (Male) |
| 6:27 | Create | Villager (Male) |
| 6:27 | Create | Villager (Male) |
| 6:36 | Build | Mill |
| 6:42 | Create | Villager (Male) |
| 6:42 | Create | Villager (Male) |
| 7:32 | Build | Palisade Wall |
| 7:47 | Build | Palisade Wall |
| 7:52 | Build | Palisade Gate |
| 8:08 | Build | Mill |
| 8:38 | Create | Villager (Male) |
| 8:39 | Create | Villager (Male) |
| 8:56 | Build | Mining Camp |
| 10:03 | Research | Feudal Age |
| 10:31 | Build | House |
| 10:49 | Build | House |
| 10:51 | Build | House |
| 10:52 | Build | House |
| 12:07 | Create | Villager (Male) |
| 12:08 | Create | Villager (Male) |
| 12:08 | Create | Villager (Male) |
| 12:08 | Create | Villager (Male) |
| 12:09 | Create | Villager (Male) |
| 12:13 | Age | Feudal Age |
| 12:19 | Build | Stone Wall |
| 12:23 | Build | Gate |
| 12:41 | Build | Mining Camp |
| 13:56 | Create | Villager (Male) |
| 14:14 | Build | Stable |
| 15:01 | Create | Villager (Male) |
| 15:03 | Create | Villager (Male) |
| 15:25 | Build | Market |
| 16:03 | Create | Villager (Male) |
| 16:36 | Research | Castle Age |
| 16:49 | Build | House |
| 16:51 | Build | House |
| 17:28 | Research | Double-Bit Axe |
| 18:09 | Build | House |
| 18:12 | Build | House |
| 18:14 | Build | House |
| 18:39 | Build | Blacksmith |
| 18:44 | Build | House |
| 19:16 | Age | Castle Age |
| 19:19 | Build | Town Center |
| 19:22 | Create | Villager (Male) |
| 19:23 | Create | Villager (Male) |
| 19:23 | Create | Villager (Male) |
| 19:36 | Build | Castle |
| 19:45 | Build | Town Center |
| 19:59 | Build | Farm |
| 20:00 | Build | Farm |
| 20:00 | Build | Farm |
| 20:00 | Build | Farm |
| 20:03 | Create | Villager (Male) |
| 20:03 | Create | Villager (Male) |
| 20:43 | Build | House |
| 20:53 | Create | Villager (Male) |
| 20:53 | Create | Villager (Male) |
| 20:54 | Create | Villager (Male) |
| 20:54 | Create | Villager (Male) |
| 21:19 | Build | Farm |
| 21:19 | Build | Farm |
| 21:21 | Create | Villager (Male) |
| 21:23 | Create | Villager (Male) |
| 21:45 | Create | Villager (Male) |
| 21:45 | Create | Villager (Male) |
| 22:10 | Build | House |
| 22:12 | Build | House |
| 22:18 | Build | Farm |
| 22:18 | Build | Farm |
| 22:19 | Build | Farm |
| 22:21 | Create | Villager (Male) |
| 22:21 | Create | Villager (Male) |
| 22:29 | Create | Villager (Male) |
| 22:29 | Create | Villager (Male) |
| 22:31 | Create | Villager (Male) |
| 22:35 | Create | Villager (Male) |
| 22:36 | Create | Villager (Male) |
| 22:36 | Create | Villager (Male) |
| 22:36 | Create | Villager (Male) |
| 22:47 | Create | Villager (Male) |
| 22:52 | Research | Bloodlines |
| 23:11 | Build | Farm |
| 23:11 | Build | Farm |
| 23:11 | Build | Farm |
| 23:11 | Build | Farm |
| 23:11 | Build | Farm |
| 23:12 | Build | Farm |
| 23:20 | Build | House |
| 23:23 | Build | House |
| 23:26 | Build | House |
| 23:29 | Create | Villager (Male) |
| 23:34 | Create | Villager (Male) |
| 23:37 | Create | Villager (Male) |
| 23:37 | Create | Villager (Male) |
| 23:38 | Create | Villager (Male) |
| 23:38 | Create | Villager (Male) |
| 23:57 | Create | Battle Elephant |
| 24:05 | Build | Farm |
| 24:06 | Build | Farm |
| 24:13 | Build | Farm |
| 24:13 | Build | Farm |
| 24:14 | Build | Farm |
| 24:22 | Research | Horse Collar |
| 24:32 | Create | Villager (Male) |
| 24:35 | Research | Gold Mining |
| 24:40 | Build | House |
| 24:49 | Build | University |
| 24:55 | Create | Villager (Male) |
| 24:56 | Create | Villager (Male) |
| 25:04 | Build | Farm |
| 25:04 | Build | Farm |
| 25:04 | Build | Farm |
| 25:05 | Build | Farm |
| 25:05 | Build | Farm |
| 25:05 | Build | Farm |
| 25:08 | Create | Villager (Male) |
| 25:08 | Create | Villager (Male) |
| 25:16 | Build | Farm |
| 25:16 | Build | Farm |
| 25:16 | Build | Farm |
| 25:17 | Build | Farm |
| 25:17 | Build | Farm |
| 25:19 | Build | Farm |
| 25:23 | Create | Battle Elephant |
Build order — ObsceneBlue
101 actions detected in the replay
| 0:12 | Build | House |
| 0:13 | Build | House |
| 1:09 | Build | Lumber Camp |
| 1:18 | Create | Villager (Male) |
| 1:19 | Create | Villager (Male) |
| 2:05 | Research | Loom |
| 2:54 | Create | Villager (Male) |
| 3:27 | Build | Mill |
| 4:57 | Create | Villager (Male) |
| 4:57 | Create | Villager (Male) |
| 4:58 | Create | Villager (Male) |
| 9:30 | Research | Feudal Age |
| 10:57 | Create | Villager (Male) |
| 10:58 | Create | Villager (Male) |
| 10:58 | Create | Villager (Male) |
| 11:00 | Create | Villager (Male) |
| 11:00 | Create | Villager (Male) |
| 11:00 | Create | Villager (Male) |
| 11:05 | Create | Villager (Male) |
| 11:40 | Age | Feudal Age |
| 12:17 | Build | Mining Camp |
| 12:28 | Research | Double-Bit Axe |
| 12:58 | Build | Stone Wall |
| 13:59 | Build | Gate |
| 15:30 | Build | Barracks |
| 15:56 | Build | Watch Tower |
| 16:20 | Build | House |
| 16:22 | Build | House |
| 16:25 | Build | House |
| 16:54 | Build | Blacksmith |
| 17:19 | Create | Spearman |
| 18:28 | Create | Villager (Male) |
| 18:29 | Create | Villager (Male) |
| 18:29 | Create | Villager (Male) |
| 19:43 | Build | Market |
| 20:21 | Build | Lumber Camp |
| 21:22 | Research | Castle Age |
| 21:41 | Build | Farm |
| 21:43 | Build | Farm |
| 21:44 | Build | Farm |
| 21:48 | Build | Farm |
| 22:33 | Create | Trade Cart |
| 22:35 | Create | Trade Cart |
| 23:39 | Build | Lumber Camp |
| 24:02 | Age | Castle Age |
| 24:13 | Research | Bow Saw |
| 24:39 | Create | Villager (Male) |
| 24:39 | Create | Villager (Male) |
| 24:40 | Create | Villager (Male) |
| 24:41 | Create | Villager (Male) |
| 24:41 | Create | Villager (Male) |
| 25:12 | Build | Mining Camp |
| 25:25 | Research | Gold Mining |
| 25:37 | Build | Farm |
| 26:11 | Build | Farm |
| 26:18 | Build | Farm |
| 26:28 | Build | Farm |
| 26:50 | Research | Wheelbarrow |
| 28:03 | Create | Trade Cart |
| 28:04 | Create | Trade Cart |
| 28:11 | Create | Villager (Male) |
| 28:15 | Create | Villager (Male) |
| 29:07 | Build | Farm |
| 29:14 | Build | Farm |
| 30:31 | Research | Horse Collar |
| 31:02 | Create | Villager (Male) |
| 31:03 | Create | Villager (Male) |
| 31:53 | Build | University |
| 33:02 | Build | Monastery |
| 33:05 | Research | Ballistics |
| 33:16 | Research | Guard Tower (upgrade) |
| 34:05 | Research | Heavy Plow |
| 34:22 | Research | Imperial Age |
| 36:11 | Create | Spearman |
| 36:11 | Create | Spearman |
| 36:11 | Create | Spearman |
| 36:12 | Create | Spearman |
| 36:12 | Create | Spearman |
| 36:12 | Create | Spearman |
| 36:12 | Create | Spearman |
| 36:13 | Create | Spearman |
| 36:13 | Create | Spearman |
| 36:13 | Create | Spearman |
| 36:13 | Create | Spearman |
| 36:14 | Create | Spearman |
| 36:14 | Create | Spearman |
| 36:14 | Create | Spearman |
| 36:15 | Create | Spearman |
| 36:15 | Create | Spearman |
| 37:32 | Age | Imperial Age |
| 39:07 | Create | Villager (Male) |
| 39:07 | Create | Villager (Male) |
| 39:08 | Create | Villager (Male) |
| 42:32 | Create | Spearman |
| 42:35 | Create | Spearman |
| 43:03 | Build | Watch Tower |
| 45:14 | Build | Siege Workshop |
| 45:27 | Create | Villager (Male) |
| 45:27 | Create | Villager (Male) |
| 45:29 | Create | Villager (Male) |
| 46:49 | Create | Scorpion |
Build order — denick
First 150 of 470 actions detected
| 0:09 | Create | Villager (Male) |
| 0:12 | Build | House |
| 0:14 | Build | House |
| 0:17 | Build | House |
| 0:23 | Create | Villager (Male) |
| 0:23 | Create | Villager (Male) |
| 1:31 | Create | Villager (Male) |
| 1:34 | Create | Villager (Male) |
| 1:49 | Build | Mill |
| 2:12 | Create | Villager (Male) |
| 2:41 | Create | Villager (Male) |
| 3:26 | Create | Villager (Male) |
| 3:34 | Create | Villager (Male) |
| 3:47 | Create | Villager (Male) |
| 4:08 | Build | House |
| 4:09 | Build | House |
| 4:16 | Create | Villager (Male) |
| 4:20 | Create | Villager (Male) |
| 4:48 | Create | Villager (Male) |
| 5:08 | Create | Villager (Male) |
| 5:23 | Build | House |
| 5:52 | Create | Villager (Male) |
| 6:09 | Create | Villager (Male) |
| 6:38 | Build | House |
| 6:40 | Build | House |
| 6:42 | Build | House |
| 6:44 | Build | House |
| 6:53 | Create | Villager (Male) |
| 7:11 | Research | Loom |
| 7:12 | Create | Villager (Male) |
| 7:22 | Build | House |
| 7:24 | Build | House |
| 7:29 | Build | House |
| 7:31 | Build | House |
| 7:38 | Create | Villager (Male) |
| 8:27 | Create | Villager (Male) |
| 8:52 | Build | Lumber Camp |
| 9:12 | Create | Villager (Male) |
| 9:16 | Build | Lumber Camp |
| 9:22 | Create | Villager (Male) |
| 9:30 | Build | House |
| 9:32 | Build | House |
| 9:33 | Build | House |
| 9:35 | Build | House |
| 9:44 | Create | Villager (Male) |
| 10:08 | Create | Villager (Male) |
| 10:25 | Build | House |
| 10:26 | Build | House |
| 10:50 | Research | Feudal Age |
| 11:48 | Create | Villager (Male) |
| 11:52 | Create | Villager (Male) |
| 12:08 | Build | Farm |
| 12:08 | Build | Farm |
| 12:08 | Build | Farm |
| 12:09 | Build | Farm |
| 12:09 | Build | Farm |
| 12:09 | Build | Farm |
| 12:09 | Build | Farm |
| 12:10 | Build | Farm |
| 12:10 | Build | Farm |
| 12:45 | Build | Lumber Camp |
| 12:52 | Create | Villager (Male) |
| 13:02 | Age | Feudal Age |
| 13:06 | Research | Wheelbarrow |
| 13:09 | Create | Villager (Male) |
| 13:28 | Build | Barracks |
| 13:30 | Build | Barracks |
| 13:47 | Build | Market |
| 13:58 | Create | Villager (Male) |
| 14:04 | Build | Mining Camp |
| 14:13 | Build | Farm |
| 14:25 | Research | Horse Collar |
| 14:28 | Research | Double-Bit Axe |
| 14:52 | Create | Villager (Male) |
| 14:59 | Build | Farm |
| 15:01 | Build | Mill |
| 15:11 | Create | Villager (Male) |
| 15:17 | Build | Farm |
| 15:18 | Build | Farm |
| 15:23 | Create | Villager (Male) |
| 15:33 | Build | Farm |
| 15:35 | Build | Farm |
| 15:44 | Build | Farm |
| 15:45 | Build | Farm |
| 15:50 | Build | Farm |
| 16:16 | Build | Barracks |
| 16:27 | Create | Villager (Male) |
| 16:32 | Create | Villager (Male) |
| 16:34 | Research | Wheelbarrow |
| 16:38 | Create | Villager (Male) |
| 17:05 | Build | Lumber Camp |
| 17:18 | Build | Barracks |
| 17:36 | Create | Villager (Male) |
| 17:53 | Build | Lumber Camp |
| 17:56 | Create | Villager (Male) |
| 18:04 | Build | Farm |
| 18:08 | Build | Mill |
| 18:13 | Create | Villager (Male) |
| 18:37 | Build | Mining Camp |
| 18:43 | Create | Villager (Male) |
| 18:47 | Create | Villager (Male) |
| 19:00 | Build | Farm |
| 19:02 | Build | Farm |
| 19:03 | Build | Farm |
| 19:34 | Build | Blacksmith |
| 19:40 | Build | Farm |
| 19:41 | Build | Farm |
| 19:41 | Build | Farm |
| 19:41 | Build | Farm |
| 19:42 | Build | Farm |
| 19:49 | Build | Farm |
| 19:49 | Build | Farm |
| 19:49 | Build | Farm |
| 19:59 | Build | Farm |
| 20:04 | Build | Farm |
| 20:04 | Build | Farm |
| 20:14 | Create | Villager (Male) |
| 20:15 | Create | Villager (Male) |
| 20:19 | Build | Farm |
| 20:19 | Build | Farm |
| 20:24 | Build | Farm |
| 20:43 | Build | Farm |
| 22:10 | Create | Villager (Male) |
| 22:10 | Create | Villager (Male) |
| 22:13 | Create | Villager (Male) |
| 22:14 | Research | Wheelbarrow |
| 22:14 | Research | Town Watch |
| 22:30 | Research | Man-at-Arms (upgrade) |
| 22:43 | Create | Spearman |
| 22:43 | Create | Militia |
| 22:43 | Create | Militia |
| 22:43 | Create | Spearman |
| 22:44 | Create | Militia |
| 22:44 | Create | Spearman |
| 22:44 | Create | Militia |
| 22:44 | Create | Spearman |
| 23:01 | Build | Stable |
| 23:02 | Build | Stable |
| 23:04 | Build | Stable |
| 23:07 | Build | Stable |
| 23:16 | Build | Mill |
| 23:17 | Build | Farm |
| 23:17 | Build | Farm |
| 23:17 | Build | Farm |
| 23:18 | Build | Farm |
| 23:18 | Build | Farm |
| 23:18 | Build | Farm |
| 23:18 | Build | Farm |
| 23:19 | Build | Farm |
| 23:19 | Build | Farm |
Build order — MoncusJBAJ
First 150 of 362 actions detected
| 0:02 | Create | Villager (Male) |
| 0:02 | Create | Villager (Male) |
| 0:02 | Create | Villager (Male) |
| 0:02 | Create | Villager (Male) |
| 0:05 | Build | House |
| 0:07 | Build | House |
| 1:29 | Create | Villager (Male) |
| 1:30 | Create | Villager (Male) |
| 2:06 | Build | Lumber Camp |
| 2:08 | Create | Villager (Male) |
| 2:08 | Create | Villager (Male) |
| 2:43 | Create | Villager (Male) |
| 2:43 | Create | Villager (Male) |
| 3:14 | Create | Villager (Male) |
| 3:15 | Create | Villager (Male) |
| 3:51 | Create | Villager (Male) |
| 3:51 | Create | Villager (Male) |
| 4:14 | Build | House |
| 4:25 | Create | Villager (Male) |
| 4:26 | Create | Villager (Male) |
| 4:26 | Create | Villager (Male) |
| 4:38 | Build | Mill |
| 5:14 | Create | Villager (Male) |
| 5:14 | Create | Villager (Male) |
| 5:51 | Create | Villager (Male) |
| 5:52 | Create | Villager (Male) |
| 5:52 | Create | Villager (Male) |
| 5:52 | Create | Villager (Male) |
| 7:06 | Research | Loom |
| 7:36 | Research | Feudal Age |
| 8:50 | Build | Mining Camp |
| 9:16 | Build | House |
| 9:46 | Age | Feudal Age |
| 9:51 | Create | Villager (Male) |
| 9:52 | Create | Villager (Male) |
| 9:52 | Create | Villager (Male) |
| 10:07 | Build | Farm |
| 10:14 | Build | Stone Wall |
| 10:33 | Create | Villager (Male) |
| 10:33 | Create | Villager (Male) |
| 10:54 | Create | Villager (Male) |
| 10:55 | Create | Villager (Male) |
| 11:02 | Build | Gate |
| 11:14 | Build | House |
| 11:37 | Create | Villager (Male) |
| 12:01 | Research | Double-Bit Axe |
| 12:12 | Build | Barracks |
| 12:39 | Build | Farm |
| 13:14 | Build | Mining Camp |
| 13:21 | Build | Farm |
| 13:23 | Create | Villager (Male) |
| 13:23 | Create | Villager (Male) |
| 13:24 | Create | Villager (Male) |
| 13:24 | Create | Villager (Male) |
| 13:33 | Create | Villager (Male) |
| 13:56 | Build | House |
| 14:06 | Create | Villager (Male) |
| 14:42 | Build | House |
| 15:00 | Build | Farm |
| 15:19 | Build | Farm |
| 15:22 | Create | Villager (Male) |
| 15:23 | Create | Villager (Male) |
| 15:46 | Build | Farm |
| 16:01 | Build | Blacksmith |
| 16:25 | Build | Farm |
| 16:52 | Create | Villager (Male) |
| 16:52 | Create | Villager (Male) |
| 16:52 | Create | Villager (Male) |
| 16:58 | Build | Farm |
| 17:48 | Build | Market |
| 17:53 | Build | Farm |
| 17:55 | Create | Villager (Male) |
| 17:55 | Create | Villager (Male) |
| 17:56 | Create | Villager (Male) |
| 17:56 | Create | Villager (Male) |
| 18:08 | Build | House |
| 18:15 | Build | House |
| 18:36 | Research | Scale Mail Armor |
| 18:36 | Research | Forging |
| 18:56 | Build | Farm |
| 19:00 | Research | Castle Age |
| 19:31 | Build | Mining Camp |
| 19:36 | Build | Farm |
| 19:38 | Build | Farm |
| 19:41 | Build | Farm |
| 19:43 | Build | Farm |
| 19:45 | Build | Farm |
| 20:23 | Build | Lumber Camp |
| 20:32 | Research | Gold Mining |
| 20:38 | Research | Horse Collar |
| 21:01 | Create | Villager (Male) |
| 21:01 | Create | Villager (Male) |
| 21:05 | Create | Spearman |
| 21:05 | Create | Spearman |
| 21:16 | Create | Trade Cart |
| 21:16 | Create | Trade Cart |
| 21:17 | Create | Trade Cart |
| 21:17 | Create | Trade Cart |
| 21:41 | Age | Castle Age |
| 21:46 | Create | Villager (Male) |
| 21:46 | Create | Villager (Male) |
| 22:12 | Build | Castle |
| 22:25 | Research | Bow Saw |
| 22:33 | Build | Siege Workshop |
| 22:37 | Create | Villager (Male) |
| 22:38 | Create | Villager (Male) |
| 22:38 | Create | Villager (Male) |
| 23:10 | Build | House |
| 23:13 | Build | House |
| 23:26 | Create | Mangonel |
| 23:26 | Create | Mangonel |
| 23:40 | Build | Town Center |
| 23:47 | Create | Villager (Male) |
| 23:47 | Create | Villager (Male) |
| 24:42 | Research | Imperial Age |
| 25:00 | Build | Town Center |
| 25:10 | Build | Town Center |
| 25:35 | Create | Villager (Male) |
| 25:35 | Create | Villager (Male) |
| 25:35 | Create | Villager (Male) |
| 25:35 | Create | Villager (Male) |
| 25:50 | Create | Villager (Male) |
| 25:50 | Create | Villager (Male) |
| 25:54 | Create | Mangonel |
| 25:55 | Create | Mangonel |
| 26:04 | Create | Cataphract |
| 26:04 | Create | Cataphract |
| 26:04 | Create | Cataphract |
| 26:05 | Create | Cataphract |
| 26:16 | Research | Scale Barding Armor |
| 26:23 | Build | Mill |
| 26:57 | Create | Cataphract |
| 27:01 | Create | Villager (Male) |
| 27:02 | Create | Villager (Male) |
| 27:02 | Create | Villager (Male) |
| 27:02 | Create | Villager (Male) |
| 27:03 | Create | Villager (Male) |
| 27:10 | Create | Villager (Male) |
| 27:28 | Create | Cataphract |
| 27:28 | Create | Cataphract |
| 27:34 | Build | Farm |
| 27:37 | Create | Villager (Male) |
| 27:38 | Create | Villager (Male) |
| 27:38 | Create | Villager (Male) |
| 28:00 | Create | Villager (Male) |
| 28:00 | Create | Villager (Male) |
| 28:04 | Build | Farm |
| 28:06 | Create | Villager (Male) |
| 28:07 | Create | Villager (Male) |
| 28:11 | Age | Imperial Age |
Match timeline
| 7:32 | titan_oranos · wall_segment Palisade Wall x1 |
| 7:47 | titan_oranos · wall_segment Palisade Wall x16 |
| 9:46 | MoncusJBAJ · age_up feudal |
| 10:14 | MoncusJBAJ · wall_segment Stone Wall x13 |
| 11:40 | ObsceneBlue · age_up feudal |
| 12:12 | MoncusJBAJ · first_building Barracks |
| 12:13 | titan_oranos · age_up feudal |
| 12:19 | titan_oranos · wall_segment Stone Wall x7 |
| 12:58 | ObsceneBlue · wall_segment Stone Wall x14 |
| 13:02 | denick · age_up feudal |
| 13:28 | denick · first_building Barracks |
| 14:14 | titan_oranos · first_building Stable |
| 15:30 | ObsceneBlue · first_building Barracks |
| 19:16 | titan_oranos · age_up castle |
| 19:36 | titan_oranos · first_building Castle |
| 21:19 | ObsceneBlue · first_market_buy 100 food |
| 21:41 | MoncusJBAJ · age_up castle |
| 22:12 | MoncusJBAJ · first_building Castle |
| 22:27 | titan_oranos · first_market_buy 100 food |
| 22:33 | MoncusJBAJ · first_building Siege Workshop |
| 23:01 | denick · first_building Stable |
| 24:02 | ObsceneBlue · age_up castle |
| 27:20 | MoncusJBAJ · first_market_buy 100 food |
| 27:45 | denick · age_up castle |
| 28:11 | MoncusJBAJ · age_up imperial |
| 29:02 | denick · first_building Monastery |
| 29:49 | ObsceneBlue · first_market_sell 500 wood |
| 33:02 | ObsceneBlue · first_building Monastery |
| 37:32 | ObsceneBlue · age_up imperial |
| 39:11 | denick · first_building Castle |
| 39:27 | denick · age_up imperial |
| 40:33 | titan_oranos · age_up imperial |
| 41:01 | MoncusJBAJ · first_building Monastery |
| 45:14 | ObsceneBlue · first_building Siege Workshop |
| 46:00 | MoncusJBAJ · resign |
[ AI ANALYSIS · 1 CREDIT ]
What really happened in this match?
Wolo.gg analyzes every decision: build order, eco, micro, common mistakes by bracket. Personalized analysis on WhatsApp or Discord in 30 seconds.
Civ guide
Khmer
Perfil
Jugador #18345214